Map: Dusk Towers

Players

llllllllllll

  • Race: Protoss Protoss
  • League: Master

Miszu - Winner!

  • Race: Zerg Zerg
  • League: Master

VOD

Have the link to the VOD?

Description

Time

  • Played on: June 27, 2016, 11:59 a.m.
  • Length: 10:20
Show
View Real Time Build Order
Export as new Build Order

llllllllllll Protoss 

Build Orders: 1 Gate Expand 

Get SALT Encoding   

  12  0:01  Probe (Chrono Boost)  
  13  0:11  Probe (Chrono Boost)  
  14  0:18  Pylon  
  14  0:23  Probe (Chrono Boost)  
  15  0:38  Probe (Chrono Boost)  
  15  0:40  Gateway  
  16  0:49  Probe (Chrono Boost)  
  17  0:59  Probe (Chrono Boost)  
  17  1:01  Assimilator  
  18  1:10  Probe (Chrono Boost)  
  19  1:26  Nexus  
  19  1:39  Cybernetics Core  
  19  1:44  Probe (Chrono Boost)  
  20  1:51  Pylon  
  20  1:55  Probe (Chrono Boost)  
  20  1:57  Assimilator  
  21  2:05  Probe (Chrono Boost)  
  22  2:16  Robotics Facility  
  22  2:19  Probe (Chrono Boost)  
  23  2:26  Stalker (Chrono Boost)  
  25  2:30  Probe  
  25  2:36  Warp Gate (Chrono Boost)  
  26  2:39  Pylon  
  26  2:42  Probe x2  
  28  2:55  Probe  
  28  2:57  Probe  
  30  3:01  Gateway  
  30  3:05  Mothership Core  
  30  3:09  Probe  
  30  3:12  Sentry  
  35  3:21  Probe  
  35  3:22  Pylon  
  36  3:31  Immortal (Chrono Boost)  
  40  3:36  Probe x2  
  42  3:51  Gateway  
  42  4:00  Gateway x2  
  42  4:08  Warp Prism (Chrono Boost)  
  44  4:20  Gateway  
  44  4:23  Gateway  
  44  4:24  Gateway  
  44  4:28  Probe x2  
  46  4:32  Pylon  
  46  4:39  Sentry x2  
  50  4:46  Probe x2 (Chrono Boost)  
  52  4:55  Zealot x3  
  52  4:56  Immortal (Chrono Boost)  
  58  5:05  Pylon  
  62  5:09  Pylon  
  62  5:15  Sentry x2  
  66  5:23  Sentry  
  66  5:24  Zealot x3  
  74  5:31  Zealot  
  74  5:32  Zealot  
  78  5:36  Stalker  
  80  6:00  Adept x2  
  80  6:01  Adept  
  82  6:14  Adept x5  
  60  6:26  Adept  
  60  6:27  Adept x2  
  60  6:36  Adept x3  
  60  6:38  Zealot x2  
  64  6:51  Adept x3  
  68  7:02  Zealot x5  
  78  7:10  Stalker  
  78  7:11  Adept  
  78  7:14  Adept  
  84  7:23  Adept  
  80  7:39  Adept x2  
  80  7:40  Adept  
  78  7:47  Adept x4  
  78  7:48  Adept  
  74  8:01  Adept x3  
  80  8:24  Nexus  
  80  8:26  Pylon  
  80  8:27  Pylon  
  80  8:28  Sentry  
  80  8:29  Adept  
  84  8:42  Adept  
  84  8:46  Probe x2  
  88  8:51  Assimilator  
  70  8:58  Sentry, Probe x2, Assimilator  
  70  9:01  Adept  
  72  9:10  Probe x2  
  54  9:20  Adept  
  54  9:21  Adept x2  
  54  9:22  Probe x2  
  54  9:27  Zealot  
  54  9:28  Sentry  
  58  9:34  Probe  
  59  9:41  Zealot x2  
  59  9:43  Zealot  
  62  9:46  Sentry  
  62  9:49  Adept  
  66  9:54  Adept  
Show
View Real Time Build Order
Export as new Build Order

Miszu Zerg - Winner!

Build Orders: Hatch First 

Get SALT Encoding   

  12  0:00  Drone  
  13  0:12  Overlord  
  13  0:18  Drone  
  14  0:30  Drone x2  
  14  0:34  Drone  
  17  0:54  Drone  
  17  0:55  Hatchery  
  17  0:58  Drone  
  18  1:08  Extractor  
  17  1:12  Spawning Pool  
  17  1:15  Drone  
  17  1:18  Drone  
  18  1:27  Drone  
  19  1:39  Overlord  
  19  1:51  Drone  
  20  2:00  Drone  
  21  2:06  Queen x2  
  21  2:07  Zergling x2  
  26  2:10  Zergling x2  
  26  2:15  Metabolic Boost  
  27  2:17  Zergling x2  
  27  2:21  Drone  
  29  2:33  Drone x2  
  31  2:39  Drone  
  32  2:46  Drone  
  32  2:47  Queen  
  32  2:49  Drone  
  32  2:50  Pneumatized Carapace  
  36  2:56  Overlord  
  36  3:08  Hatchery  
  36  3:09  Drone  
  36  3:17  Drone x4  
  40  3:20  Overlord  
  40  3:22  Drone  
  40  3:24  Drone  
  40  3:25  Drone  
  43  3:29  Drone  
  44  3:38  Lair  
  44  3:40  Drone x3  
  47  3:44  Extractor, Drone  
  47  3:48  Extractor  
  47  3:51  Baneling Nest  
  47  3:54  Overlord  
  45  3:56  Drone x2  
  47  4:05  Drone x5  
  52  4:15  Overlord  
  52  4:18  Drone x4  
  52  4:23  Queen  
  58  4:25  Drone x2  
  60  4:39  Drone  
  60  4:40  Hydralisk Den  
  60  4:41  Zergling x10  
  60  4:43  Zergling x4  
  67  4:47  Overseer  
  67  4:50  Zergling x2  
  68  4:52  Zergling x2  
  68  4:54  Zergling x2  
  68  4:55  Baneling x3  
  69  5:09  Hydralisk  
  69  5:10  Hydralisk  
  73  5:20  Overlord x2  
  73  5:21  Overlord  
  73  5:22  Zergling x2  
  73  5:24  Muscular Augments  
  74  5:40  Hydralisk x2  
  81  5:46  Hydralisk  
  81  5:48  Hydralisk  
  84  5:52  Hydralisk  
  84  5:53  Hydralisk  
  84  5:54  Hydralisk  
  84  5:55  Zergling x10  
  84  5:56  Zergling x2  
  89  5:59  Zergling x2  
  89  6:00  Zergling x6  
  90  6:11  Hydralisk  
  60  6:35  Hydralisk  
  58  6:44  Hydralisk  
  58  6:50  Zergling x2  
  58  6:51  Zergling x16, Queen  
  58  6:52  Queen  
  70  6:58  Hydralisk  
  72  7:02  Zergling x2  
  72  7:06  Hydralisk  
  73  7:18  Hydralisk  
  73  7:21  Zergling x8  
  79  7:28  Hydralisk  
  62  7:47  Zergling x16  
  57  7:57  Zergling x6  
  60  8:08  Zergling x4  
  60  8:09  Zergling x4  
  64  8:16  Baneling x9  
  64  8:18  Zergling x4  
  65  8:24  Extractor  
  65  8:26  Zergling x8  
  68  8:32  Zergling x2  
  69  8:37  Extractor  
  69  8:38  Zergling x6  
  61  8:58  Zergling x12  
  61  9:01  Baneling, Overseer  
  61  9:02  Baneling x2  
  58  9:21  Zergling x12  
  64  9:29  Hydralisk Den  
  64  9:30  Zergling x2  
  67  9:31  Zergling x6  
  67  9:34  Zergling x6, Hatchery  
  69  9:42  Drone  
Tags
 
Add a new tag
Caveats
  • Supply blocks, unpowered buildings, or Contaminate may cause inaccurate times.
  • Supply counts are checked every 10 seconds.